Map: King's Cove LE

Players

SortOf - Winner!

  • Race: Zerg Zerg
  • League: Diamond
  • Spawn Location: 5:00

Bistork

  • Race: Protoss Protoss
  • Spawn Location: 11:00

Event: 2019 WCS Summer

VOD

Have the link to the VOD?

Description

Time

  • Played on: July 12, 2019, 2:02 p.m.
  • Length: 11:41

All games in this series

Show
View Real Time Build Order
Export as new Build Order

SortOf Zerg - Winner!

Build Orders: Hatch First 

Get SALT Encoding   

  12  0:00  Drone  
  13  0:13  Overlord  
  13  0:26  Drone  
  14  0:32  Drone x2  
  16  0:39  Drone  
  17  0:58  Drone  
  17  0:59  Hatchery  
  17  1:02  Drone  
  18  1:07  Extractor  
  17  1:18  Spawning Pool  
  16  1:21  Drone  
  16  1:25  Drone  
  18  1:31  Drone  
  19  1:53  Overlord  
  19  2:05  Queen  
  19  2:06  Zergling x2  
  22  2:11  Zergling x2  
  22  2:12  Metabolic Boost  
  23  2:16  Zergling x2  
  24  2:27  Hatchery  
  23  2:39  Drone  
  23  2:40  Overlord  
  24  2:48  Queen  
  24  2:51  Drone x2  
  27  3:14  Hatchery  
  27  3:16  Drone  
  27  3:17  Drone  
  28  3:26  Drone  
  29  3:29  Drone  
  30  3:35  Zergling x2  
  30  3:40  Queen  
  33  3:41  Drone  
  34  3:48  Zergling x4  
  34  3:54  Overlord  
  36  3:57  Zergling x2  
  36  4:04  Baneling Nest  
  36  4:09  Zergling x8  
  39  4:22  Drone x4  
  43  4:31  Zergling x2  
  42  4:40  Drone x2  
  42  4:45  Drone x3  
  46  4:47  Queen  
  46  4:52  Zergling x2  
  49  4:54  Overlord  
  49  4:55  Zergling x6  
  50  5:03  Zergling x4  
  50  5:06  Spine Crawler  
  51  5:09  Baneling x8  
  51  5:13  Zergling x4  
  53  5:16  Zergling x2  
  55  5:21  Zergling x6  
  55  5:25  Zergling x4  
  57  5:31  Zergling x8  
  58  5:36  Zergling x4  
  58  5:40  Baneling x2, Zergling x4  
  61  5:46  Drone x3  
  59  5:50  Drone x2  
  59  5:52  Drone  
  62  5:59  Roach Warren  
  62  6:03  Drone  
  61  6:04  Drone  
  61  6:05  Drone x2  
  61  6:10  Overlord  
  61  6:13  Zergling x2, Extractor  
  61  6:14  Zergling x4  
  61  6:15  Extractor  
  62  6:23  Overlord x2  
  62  6:26  Drone  
  62  6:27  Baneling  
  62  6:28  Overlord  
  62  6:31  Overlord  
  63  6:38  Overlord  
  63  6:43  Drone x2  
  63  6:44  Drone x2  
  63  6:45  Spore Crawler  
  63  6:46  Roach  
  68  6:47  Spore Crawler  
  68  6:48  Roach  
  68  6:52  Roach  
  73  6:54  Roach  
  73  6:59  Roach x2  
  77  7:02  Roach  
  77  7:04  Drone  
  77  7:06  Drone  
  81  7:09  Roach  
  81  7:12  Roach  
  81  7:13  Roach  
  87  7:18  Roach x2  
  87  7:21  Roach  
  91  7:25  Overlord  
  91  7:27  Ravager  
  91  7:28  Ravager x2  
  94  7:33  Zergling x10  
  98  7:40  Zergling x8  
  102  7:48  Ravager x2  
  102  7:50  Zergling x10  
  108  7:56  Overlord  
  107  8:01  Baneling x5  
  107  8:02  Zergling x2  
  107  8:03  Zergling x6  
  111  8:08  Overlord  
  111  8:13  Roach  
  111  8:14  Baneling x4  
  111  8:15  Overlord  
  103  8:30  Zergling x22  
  100  8:35  Baneling x3  
  100  8:38  Roach x2  
  100  8:39  Roach  
  106  8:45  Zergling x8  
  110  8:53  Baneling x6  
  91  9:03  Zergling x16  
  91  9:08  Zergling x6  
  96  9:15  Roach  
  90  9:19  Roach x4  
  84  9:30  Roach  
  75  9:33  Drone x4  
  75  9:38  Roach x2  
  75  9:43  Drone x3  
  78  9:47  Drone x2  
  81  9:52  Zergling x2  
  81  9:53  Zergling x4  
  81  9:56  Ravager x3  
  81  9:58  Spore Crawler  
  81  9:59  Zergling x2  
  86  10:02  Roach  
  86  10:04  Zergling x4  
  90  10:09  Overlord  
  90  10:13  Roach x2  
  94  10:15  Queen  
  94  10:17  Baneling x3  
  94  10:18  Baneling x2  
  96  10:25  Roach x2  
  100  10:32  Roach  
  100  10:33  Zergling x2, Roach x2  
  107  10:36  Overlord  
  107  10:37  Zergling x2, Roach  
  107  10:39  Zergling x4  
  107  10:41  Baneling  
  112  10:44  Zergling x2  
  112  10:45  Zergling x4  
  115  10:56  Zergling x8  
  119  11:02  Zergling x2  
  113  11:04  Baneling  
  113  11:05  Baneling x7  
  113  11:09  Zergling x8  
  114  11:16  Zergling x10  
Show
View Real Time Build Order
Export as new Build Order

Bistork Protoss 

Build Orders:  

Get SALT Encoding   

  12  0:00  Probe  
  13  0:13  Probe  
  14  0:18  Pylon  
  14  0:24  Probe  
  15  0:32  Probe  
  15  0:39  Gateway  
  15  0:40  Probe  
  16  0:48  Assimilator  
  17  0:51  Probe  
  18  1:03  Probe  
  19  1:15  Probe  
  19  1:18  Zealot  
  20  1:27  Probe  
  20  1:28  Cybernetics Core  
  23  1:33  Pylon  
  23  1:50  Pylon  
  23  1:51  Probe  
  24  1:57  Stalker  
  26  2:10  Probe  
  26  2:13  Assimilator  
  27  2:26  Probe  
  28  2:32  Warp Gate  
  28  2:35  Pylon  
  28  2:43  Probe  
  29  2:55  Nexus  
  29  2:56  Twilight Council  
  29  3:01  Probe  
  30  3:09  Probe  
  30  3:10  Adept  
  32  3:18  Probe  
  33  3:20  Gateway  
  33  3:22  Resonating Glaives  
  34  3:29  Probe  
  35  3:48  Adept  
  37  3:58  Shield Battery  
  37  3:59  Gateway  
  37  4:03  Pylon  
  35  4:18  Probe x2  
  35  4:21  Adept  
  38  4:27  Adept  
  38  4:33  Probe  
  38  4:37  Adept  
  38  4:38  Probe  
  40  4:43  Pylon  
  38  4:46  Probe  
  38  4:50  Adept  
  39  4:53  Adept  
  39  4:54  Adept  
  39  4:58  Probe x2  
  45  5:03  Robotics Facility  
  43  5:10  Probe  
  43  5:12  Probe  
  43  5:13  Adept  
  47  5:14  Adept  
  47  5:15  Adept  
  51  5:22  Pylon  
  49  5:37  Sentry x3, Pylon  
  49  5:39  Immortal  
  49  5:41  Probe, Shield Battery  
  56  5:48  Probe  
  61  6:01  Adept x3  
  61  6:02  Probe  
  61  6:04  Probe, Pylon  
  69  6:08  Gateway  
  69  6:11  Gateway  
  69  6:15  Immortal  
  69  6:18  Assimilator  
  69  6:21  Assimilator  
  73  6:34  Pylon  
  73  6:36  Probe  
  73  6:39  Probe  
  75  6:43  Gateway  
  75  6:44  Gateway  
  75  6:51  Gateway, Warp Prism  
  75  6:52  Probe  
  78  7:01  Pylon  
  78  7:03  Sentry x2  
  82  7:11  Sentry x2, Pylon  
  86  7:24  Adept  
  88  7:35  Stalker x3  
  94  7:47  Adept x4  
  94  7:49  Pylon  
  94  7:50  Pylon  
  102  8:04  Pylon  
  102  8:06  Pylon  
  102  8:12  Adept x5  
  112  8:14  Adept  
  112  8:15  Sentry  
  116  8:33  Sentry x4  
  104  8:34  Adept  
  104  8:35  Adept  
  104  8:39  Gateway  
  104  8:40  Adept  
  108  9:00  Adept x7  
  88  9:21  Stalker x4  
  82  9:25  Adept, Warp Prism  
  82  9:28  Adept  
  72  9:36  Adept  
  66  9:50  Sentry  
  66  9:51  Sentry x2  
  72  9:57  Sentry  
  74  10:00  Adept x2  
  74  10:01  Adept  
  74  10:05  Adept  
  82  10:13  Observer  
  83  10:22  Adept x2  
  83  10:23  Adept x3  
  83  10:24  Adept  
  95  10:39  Adept x2  
  91  11:05  Sentry x2  
  91  11:06  Adept x6  
  75  11:34  Adept x8  
Tags
 
Add a new tag
Caveats
  • Supply blocks, unpowered buildings, or Contaminate may cause inaccurate times.
  • Supply counts are checked every 10 seconds.